 Dungeon Sprint DCSS version 0.21.0-3-g78d12a8 (webtiles) character file.

53 wojtek the Cleaver (level 3, -9/49 HPs)
             Began as a Minotaur Berserker on Jan 14, 2018.
             Was a Priest of Trog.
             Mangled by a water elemental (14 damage)
             ... in the Dungeon (Sprint III: "The Ten Rune Challenge").
             The game lasted 00:00:51 (256 turns).

wojtek the Cleaver (Minotaur Berserker)              Turns: 256, Time: 00:00:52

Health: -9/49      AC:  2    Str: 27    XL:     3   Next: 64%
Magic:  2/2        EV: 12    Int:  4    God:    Trog [***...]
Gold:   11         SH:  0    Dex:  9    Spells: 2/2 levels left

rFire    . . .     SeeInvis .   a - +0 hand axe
rCold    . . .     Gourm    .   (no shield)
rNeg     . . .     Faith    .   b - +0 animal skin
rPois    .         Spirit   .   (helmet restricted)
rElec    .         Reflect  .   (no cloak)
rCorr    .         Harm     .   (no gloves)
MR       .....     NoTele   +   (no boots)
Stlth    ..........             (no amulet)
HPRegen  0.16/turn              (no ring)
MPRegen  0.08/turn              (no ring)

@: berserking, engulfed (cannot breathe), very quick
A: retaliatory headbutt, horns 2
a: Berserk, Trog's Hand, Burn Spellbooks, Renounce Religion


You were in the Dungeon.
You worshipped Trog.
Trog was most pleased with you.
You were not hungry.

You visited 1 branch You collected 11 gold pieces.

Inventory:

Hand Weapons
 a - a +0 hand axe (weapon)
Armour
 b - a +0 animal skin (worn)
Scrolls
 i - a scroll of blinking
 l - a scroll of holy word {unknown}
 m - 2 scrolls of identify {unknown}
 n - 4 scrolls of remove curse
 p - a scroll of torment {unknown}
Potions
 d - a potion of curing
 e - a potion of heal wounds
 f - a potion of haste
 g - 2 potions of magic
 h - a potion of berserk rage
 k - 3 potions of mutation {unknown}
 o - 2 potions of flight
 q - a potion of brilliance {unknown}
 r - a potion of degeneration {unknown}
Comestibles
 c - 3 rations
 j - 3 chunks of flesh


   Skills:
 - Level 4.1 Fighting
 * Level 8.8 Axes
 - Level 3.0 Armour
 - Level 2.7 Dodging


You had 2 spell levels left.
You didn't know any spells.

Dungeon Overview and Level Annotations

Branches:
Dungeon (1/1)

Altars:


Innate Abilities, Weirdness & Mutations

You reflexively headbutt those who attack you in melee.
You have a pair of horns on your head.


Message History

There is an open door to the Ecumenical Temple here.
A red film seems to cover your vision as you go berserk!
You feel yourself moving faster!
You feel mighty!
You feel a lot more hungry. The water elemental hits you!
The water elemental engulfs you in water!
You slash the water elemental!
The water elemental is heavily damaged.
Your lungs strain for air!
The water elemental hits you!
* * * LOW HITPOINT WARNING * * *
You hit the water elemental.
The water elemental is severely damaged.
* * * LOW HITPOINT WARNING * * *
Your lungs strain for air!
You closely miss the water elemental.
The water elemental is severely damaged.
* * * LOW HITPOINT WARNING * * *
Your lungs strain for air!
The water elemental hits you!
You die...

▓▓▓▓▓▓▓▓▓▓ ▓▓▓
.#..'....♣♣♣ ♣.#
.#..#....♣.♣ ♣.#
'####....♣.♣ ♣♣.#
....#....≈♣♣♣♣..###+#+##
....#...≈≈..♣...#.......
...[#..≈≈≈≈♣♣♣..@.⌠.....
###'#..≈≈≈≈≈≈.♣.#E..####
....#.≈≈≈≈≈≈....#.⌠.#
..).#.≈≈≈≈≈.....#...#
....#.≈≈≈.......#+###
#####...........#
................#
▓▓▓▓▓▓▓▓▓▓▓▓▓▓▓▓▓


You could see a water elemental.

Vanquished Creatures
  Jessica (D)
  A human (D)
  An ooze (D)
  A phantom (D)
  2 rats (D)
6 creatures vanquished.

Vanquished Creatures (others)
  2 draconian scorchers (D)
  A yaktaur (D)
  6 hellions (D)
9 creatures vanquished.

Grand Total: 15 creatures vanquished

Notes
Turn   | Place    | Note
-------+----------+-------------------------------------------
     0 | D        | wojtek the Minotaur Berserker began the quest for the Orb.
     0 | D        | Reached XP level 1. HP: 19/19 MP: 0/0
     7 | D        | Reached skill level 4 in Axes
    30 | D        | Noticed Jessica
    33 | D        | Killed Jessica
    33 | D        | Reached ** piety under Trog
    33 | D        | Reached skill level 7 in Axes
    33 | D        | Reached XP level 2. HP: 22/27 MP: 1/1
    33 | D        | Reached XP level 3. HP: 28/33 MP: 2/2
    70 | D        | Killed a hellion
    94 | D        | Killed a hellion
   138 | D        | Killed a hellion
   140 | D        | Killed a hellion
   177 | D        | Killed a hellion
   177 | D        | Killed a hellion
   183 | D        | Reached *** piety under Trog
   183 | D        | Reached skill level 8 in Axes
   187 | D        | Killed a white draconian scorcher
   200 | D        | Killed a white draconian scorcher
   211 | D        | Killed a yaktaur
   251 | D        | Noticed a water elemental
   256 | D        | Mangled by a water elemental

Skill      XL: |  1  2  3 |
---------------+----------+-----
Fighting       | 4 |  4.1
Axes           | 7 8 |  8.8
Armour         | 3 |  3.0
Dodging        | |  2.7

Action                   || total
-------------------------++-------
Melee: Hand axe          ||    25
       Headbutt          ||     4
Invok: Berserk           ||     1
Armor: Animal skin       ||     1
Dodge: Dodged            ||    11
